 Dungeon Crawl Stone Soup version 0.26-a0-937-g67df3f2acb (webtiles) character file.

Game seed: 2219317806097140726

230 Descartes the Chiller (level 5, -3/28 HPs)
             Began as a Deep Elf Ice Elementalist on Nov 27, 2020.
             Killed from afar by an orc wizard (8 damage)
             ... with a magic dart
             ... on level 3 of the Dungeon.
             The game lasted 00:08:04 (2962 turns).

Descartes the Chiller (Deep Elf Ice Elementalist)   Turns: 2962, Time: 00:08:05

Health: -3/28      AC:  2    Str:  5    XL:     5   Next: 72%
Magic:  10/13      EV: 13    Int: 21    God:
Gold:   201        SH:  0    Dex: 15    Spells: 5/12 levels left

rFire    . . .     SeeInvis .   t - +4 trident
rCold    . . .     Faith    .   (no shield)
rNeg     . . .     Spirit   .   a - +0 robe
rPois    .         Reflect  .   (no helmet)
rElec    .         Harm     .   (no cloak)
rCorr    .         Rampage  .   (no gloves)
MR       .....                  (no boots)
Stlth    ++........             (no amulet)
HPRegen  0.09/turn              (no ring)
MPRegen  0.13/turn              (no ring)

@: frozen ramparts
A: no striking features
a: no special abilities


You were on level 3 of the Dungeon.
You visited 1 branch of the dungeon, and saw 3 of its levels.

You collected 201 gold pieces.

Inventory:

Hand Weapons
 m - a +0 hunting sling
 t - a +4 trident (weapon)
Missiles
 c - 28 poisoned darts
 f - 8 boomerangs
 i - 41 arrows
 r - 20 sling bullets (quivered)
Armour
 a - a +0 robe (worn)
Scrolls
 b - 2 scrolls of remove curse {unknown}
 g - 2 scrolls of fear {unknown}
 j - a scroll of teleportation {unknown}
 l - a scroll of amnesia {unknown}
 o - 3 scrolls of identify {unknown}
 q - a scroll of blinking {unknown}
Potions
 d - a potion of ambrosia {unknown}
 h - 2 potions of invisibility {unknown}
 k - 2 potions of lignification {unknown}
 n - 2 potions of cancellation {unknown}
 p - 3 potions of haste {unknown}
 s - 3 potions of heal wounds {unknown}
 u - a potion of resistance {unknown}


   Skills:
 - Level 2.4 Dodging
 - Level 2.4 Stealth
 + Level 4.1 Spellcasting
 + Level 7.3 Ice Magic


You had 5 spell levels left.
You knew the following spells:

 Your Spells              Type           Power        Failure   Level
a - Freeze                Ice            ####         1%          1
b - Frozen Ramparts       Ice            #####.       1%          3
c - Ozocubu's Armour      Ice            #####...     1%          3

Your spell library contained the following spells:

 Spells                   Type           Power        Failure   Level
 Hailstorm                Conj/Ice       ###.....     26%         4
 Summon Ice Beast         Ice/Summ       ###.....     26%         4


Dungeon Overview and Level Annotations

Branches:
Dungeon (3/15)

Altars:


Message History

You hit the orc priest but do no damage.
The wall freezes the orc.
You kill the orc!
You barely miss the orc priest. Something hits you.
An orc comes into view. It is wielding a +0 dagger.
The wall freezes the orc priest.
The orc priest hits you with a +0 hand axe.
Something hits you but does no damage.
The orc priest looks encouraged for a moment.
The orc shouts!
You hit the orc priest but do no damage.
The orc priest is lightly wounded.
Something hits you.
* * * LOW HITPOINT WARNING * * *
The wall freezes the orc priest.
The orc priest hits you but does no damage.
You hear some strange, mumbled words.
A magic dart appears from out of thin air!
The magic dart hits you!
You die...

###.##......#####
###†##......#...#
...†)#......#...# #####
.....#......#...# ..(.#
......####.##...##.(..#
#.#...##..).....#.(...#
#.....##.#.###.##(....#
##.......#.###.##(....#
###...###.##..o@.(...#
#...# #.##...{.....#
##.## #.##...o.....#
#.. #.##...(o....# #.#
#.##...(.....# ..
#.######o##### #.# (#
#.# (# #.#


You could see 2 orc priests and 2 orcs.

Vanquished Creatures
  A bullfrog (D:2)
  An orc priest (D:3)
  4 adders
  An ooze (D:1)
  An adder zombie (D:2)
  2 dart slugs
  2 worms
  3 leopard geckos
  6 orcs (D:3)
  8 bats
  A giant cockroach (D:1)
  12 goblins
  6 hobgoblins
  5 jackals
  A quokka (D:3)
  A ball python (D:1)
  5 frilled lizards
  9 kobolds
  A quokka skeleton (D:3)
  8 rats
78 creatures vanquished.

Notes
Turn   | Place    | Note
-------+----------+-------------------------------------------
     0 | D:1      | Descartes the Deep Elf Ice Elementalist began the quest for
                  | the Orb.
     0 | D:1      | Reached XP level 1. HP: 10/10 MP: 6/6
   204 | D:1      | Reached XP level 2. HP: 15/15 MP: 6/8
   232 | D:1      | Reached skill level 5 in Ice Magic
   632 | D:1      | Reached XP level 3. HP: 19/19 MP: 7/9
  1290 | D:2      | Reached skill level 6 in Ice Magic
  1430 | D:2      | Reached XP level 4. HP: 24/24 MP: 7/10
  1760 | D:2      | Noticed a bullfrog
  1765 | D:2      | Killed a bullfrog
  1766 | D:2      | Reached skill level 7 in Ice Magic
  1766 | D:2      | Reached XP level 5. HP: 17/28 MP: 7/11
  1770 | D:2      | Learned a level 3 spell: Frozen Ramparts
  1774 | D:2      | Learned a level 3 spell: Ozocubu's Armour
  2962 | D:3      | Killed from afar by an orc wizard

Illustrated notes

Levels and vault maps discovered:
D:1:      saegor_arrival_miasma, layout_rooms, serial_park_tiny_2,
          corexii_leaking_fountain, minmay_close_crescents
D:2:      layout_loops_cross
D:3:      layout_basic, fedhas_altar_4

Skill      XL: |  1  2  3  4  5 |
---------------+----------------+-----
Ice Magic      | 5 6 7 |  7.3
Spellcasting   | 4 |  4.1
Dodging        | |  2.4
Stealth        | |  2.4

Action                   |  1- 3 |  4- 6 || total
-------------------------+-------+-------++-------
Melee: Short sword       |     3 |       ||     3
       Trident           |       |     3 ||     3
 Fire: Hunting sling     |    13 |   126 ||   139
 Cast: Freeze            |    52 |    15 ||    67
       Frozen Ramparts   |       |    12 ||    12
Armor: Robe              |    11 |     7 ||    18
Dodge: Dodged            |    28 |    23 ||    51

Table legend: (Time is in decaauts)
 A = Elapsed time spent in this place.
 B = Non-inter-level travel time spent in this place.
 C = Inter-level travel time spent in this place.
 D = Time resting spent in this place.
 E = Time spent auto-exploring this place.
 F = Levels seen in this place.
 G = Mean time per level.
                   A        B        C        D        E       F      G
               +--------+--------+--------+--------+--------+-----+--------+
         Total |   2988 |   2937 |     51 |      0 |   2443 |   3 |  996.0 |
       Dungeon |   2988 |   2937 |     51 |      0 |   2443 |   3 |  996.0 |
               +--------+--------+--------+--------+--------+-----+--------+

Top non-repeatable levels by time:
     D:1: 1249 daAuts
     D:2: 1048 daAuts
     D:3: 690 daAuts
